 Dungeon Crawl Stone Soup version 0.29-a0-284-gf9362112df (webtiles) character file.

Game seed: 14439338532625481981

205 zazu2006 the Nimble (level 5, -1/47 HPs)
             Began as a Gnoll Wanderer on Mar 30, 2022.
             Succumbed to Sigmund's poison
             ... on level 3 of the Dungeon.
             The game lasted 00:07:02 (2592 turns).

zazu2006 the Nimble (Gnoll Wanderer)                Turns: 2592, Time: 00:07:03

Health: -1/47      AC:  6    Str: 14    XL:     5   Next: 83%
Magic:  7/7        EV: 15    Int: 16    God:
Gold:   146        SH:  0    Dex: 12    Spells: 7/7 levels left

rFire   . . .      SeeInvis .   v - +2 whip (elec)
rCold   . . .      Faith    .   (no shield)
rNeg    . . .      Spirit   .   e - +2 leather armour
rPois   .          Reflect  .   q - +0 helmet
rElec   .          Harm     .   (no cloak)
rCorr   .          Rampage  .   (no gloves)
Will    .....                   (no boots)
Stlth   ++........              (no amulet)
HPRegen 0.15/turn               i - +6 ring of intelligence
MPRegen 0.10/turn               (no ring)

@: lethally poisoned (-1 -> -16)
A: fangs 1, strong nose, distributed training
a: no special abilities


You were on level 3 of the Dungeon.
You visited 1 branch of the dungeon, and saw 3 of its levels.

You collected 146 gold pieces.

Inventory:

Hand Weapons
 k - a +0 short sword
 v - a +2 whip of electrocution (weapon)
Missiles
 t - 4 poisoned darts (quivered)
Armour
 e - a +2 leather armour (worn)
 o - the +1 robe of Toyrowo {Harm Drain Int+7}
   (You took it off a goblin on level 2 of the Dungeon)

   Int:       It affects your intelligence (+7).
   Drain:     It drains your maximum health when unequipped.
   Harm:      It increases damage dealt and taken.
 q - a +0 helmet (worn)
Jewellery
 i - a +6 ring of intelligence (left hand)
Wands
 u - a wand of flame (11)
Scrolls
 b - a scroll of silence
 c - a scroll of vulnerability
 d - a scroll of fear
 g - 2 scrolls of teleportation {unknown}
 h - 4 scrolls of identify {unknown}
 m - a scroll of enchant weapon {unknown}
 n - a scroll of immolation {unknown}
 w - a scroll of torment {unknown}
Potions
 j - a potion of might
 p - a potion of brilliance {unknown}
 r - a potion of mutation {unknown}
 s - a potion of heal wounds {unknown}


   Skills:
 + Level 6.7 Fighting
 + Level 1.6 Short Blades
 + Level 1.6 Long Blades
 + Level 1.6 Axes
 + Level 1.6 Maces & Flails
 + Level 1.6 Polearms
 + Level 1.6 Staves
 + Level 1.6 Slings
 + Level 1.6 Bows
 + Level 1.6 Crossbows
 + Level 1.6 Throwing
 + Level 1.6 Armour
 + Level 10.5 Dodging
 + Level 1.6 Stealth
 + Level 1.6 Shields
 + Level 1.6 Unarmed Combat
 + Level 1.6 Spellcasting
 + Level 1.3 Conjurations
 + Level 1.3 Hexes
 + Level 1.3 Summonings
 + Level 1.3 Necromancy
 + Level 1.3 Translocations
 + Level 1.3 Transmutations
 + Level 1.3 Fire Magic
 + Level 1.3 Ice Magic
 + Level 1.3 Air Magic
 + Level 1.3 Earth Magic
 + Level 1.3 Poison Magic
 + Level 3.2 Invocations
 + Level 3.1 Evocations


You had 7 spell levels left.
You didn't know any spells.
Your spell library was empty.

Dungeon Overview and Level Annotations

Branches:
Dungeon (3/15)

Altars:
Ru

Annotations:
D:1 1 runed translucent door
D:3 Sigmund


Innate Abilities, Weirdness & Mutations

You have very sharp teeth.
Your uncanny sense of smell can sniff out nearby items.
Your experience applies equally to all skills.


Message History

The puff of flame hits the adder.
You kill the adder!
Something hits you.
You are poisoned.
Aiming: Throw Flame
Press: ? - help, Shift-Dir - straight line, f - adder
Aim: an adder (53% to hit)
The puff of flame hits something.
You feel very sick.
An adder comes into view.
You hear some strange, mumbled words.
You are confused.
Unknown command.
You feel better. Something hits you.
You are poisoned.
Unknown command.
It was a potion of might.
You feel very mighty all of a sudden.
You feel very sick.
The adder hisses angrily.
You hit something.
You feel sick. The adder barely misses you. Something hits you!
* * * LOW HITPOINT WARNING * * *
You are lethally poisoned!
You barely miss something. Your bite misses something.
* * * LOW HITPOINT WARNING * * *
You feel very sick. The adder barely misses you.
Something completely misses you. The adder bites you.
* * * LOW HITPOINT WARNING * * *
You whack the adder! Lightning courses through the adder!
You kill the adder!
* * * LOW HITPOINT WARNING * * *
You feel very sick.
Unknown command.
It was a potion of cancellation.
Your magical effects are unravelling.
You feel magically purged.
You feel a little less mighty now.
You die...

##.# .# ##[# ∆ .# ##.#
##. ##.# #.. ##.# #.#
∆#### ...###
#.####.##..... #....#
#.....SS....# .###.#
######{##.....
####.####.# #@## ....
..........######.†#...#.
####.#######.........#
#.######.........##
#.##........##....#
#.##.##....## #....#
#.##.###..## #.....
####.##.##...## .....
..............# ..###


You could see 2 adders.

Vanquished Creatures
  An iguana (D:3)
  Robin (D:2)
  4 gnolls
  5 adders
  2 worms (D:2)
  6 endoplasms
  2 giant cockroaches (D:1)
  17 goblins
  12 hobgoblins
  4 jackals (D:1)
  A quokka (D:1)
  5 ball pythons
  5 bats
  5 frilled lizards
  2 kobolds
  3 rats
75 creatures vanquished.

Notes
Turn   | Place    | Note
-------+----------+-------------------------------------------
     0 | D:1      | Reached skill level 10 in Dodging
     0 | D:1      | zazu2006 the Gnoll Wanderer began the quest for the Orb.
     0 | D:1      | zazu2006 set off with the following items: a +0 club, a
                  | scroll of silence, a scroll of vulnerability, a scroll of
                  | fear, a +2 leather armour
     0 | D:1      | Reached XP level 1. HP: 23/23 MP: 2/2
     1 | D:1      | Found a runed translucent door.
     1 | D:1      | Noticed a jelly
    79 | D:1      | Reached XP level 2. HP: 17/29 MP: 3/3
    83 | D:1      | Found a faded altar of an unknown god.
   378 | D:1      | Reached XP level 3. HP: 28/35 MP: 4/4
  1008 | D:1      | Reached skill level 1 in Short Blades
  1008 | D:1      | Reached skill level 1 in Long Blades
  1008 | D:1      | Reached skill level 1 in Axes
  1008 | D:1      | Reached skill level 1 in Maces & Flails
  1008 | D:1      | Reached skill level 1 in Polearms
  1008 | D:1      | Reached skill level 1 in Staves
  1008 | D:1      | Reached skill level 1 in Slings
  1008 | D:1      | Reached skill level 1 in Bows
  1008 | D:1      | Reached skill level 1 in Crossbows
  1008 | D:1      | Reached skill level 1 in Throwing
  1008 | D:1      | Reached skill level 1 in Armour
  1008 | D:1      | Reached skill level 1 in Stealth
  1008 | D:1      | Reached skill level 1 in Shields
  1008 | D:1      | Reached skill level 1 in Unarmed Combat
  1008 | D:1      | Reached skill level 1 in Spellcasting
  1069 | D:2      | Identified the +1 robe of Toyrowo {Harm Drain Int+7}
  1164 | D:1      | Reached XP level 4. HP: 31/41 MP: 6/6
  1298 | D:2      | Noticed Robin
  1545 | D:2      | Killed Robin
  1546 | D:2      | Reached skill level 1 in Conjurations
  1546 | D:2      | Reached skill level 1 in Hexes
  1546 | D:2      | Reached skill level 1 in Summonings
  1546 | D:2      | Reached skill level 1 in Necromancy
  1546 | D:2      | Reached skill level 1 in Translocations
  1546 | D:2      | Reached skill level 1 in Transmutations
  1546 | D:2      | Reached skill level 1 in Fire Magic
  1546 | D:2      | Reached skill level 1 in Ice Magic
  1546 | D:2      | Reached skill level 1 in Air Magic
  1546 | D:2      | Reached skill level 1 in Earth Magic
  1546 | D:2      | Reached skill level 1 in Poison Magic
  1748 | D:2      | Found a sacrificial altar of Ru.
  2096 | D:3      | Reached XP level 5. HP: 47/47 MP: 7/7
  2560 | D:3      | Noticed Sigmund
  2591 | D:3      | HP: 2/47 [poisoned by Sigmund]
  2592 | D:3      | Succumbed to Sigmund's poison

Illustrated notes

Levels and vault maps discovered:
D:1:      dpeg_arrival_caged_fury, layout_rooms,
          ebering_ecumenical_altar_sacrificial, minmay_cupped
D:2:      layout_basic, basic_altar, minmay_between, uniq_robin
D:3:      layout_loops_ring, old_standard_altar, hangedman_decor_growths,
          uniq_sigmund, uniq_crazy_yiuf_cottage

Skill      XL: |  1  2  3  4  5 |
---------------+----------------+-----
Dodging        | | 10.5
Short Blades   | 1 |  1.6
Long Blades    | 1 |  1.6
Axes           | 1 |  1.6
Maces & Flails | 1 |  1.6
Polearms       | 1 |  1.6
Staves         | 1 |  1.6
Slings         | 1 |  1.6
Bows           | 1 |  1.6
Crossbows      | 1 |  1.6
Throwing       | 1 |  1.6
Armour         | 1 |  1.6
Stealth        | 1 |  1.6
Shields        | 1 |  1.6
Unarmed Combat | 1 |  1.6
Spellcasting   | 1 |  1.6
Conjurations   | 1 |  1.3
Hexes          | 1 |  1.3
Summonings     | 1 |  1.3
Necromancy     | 1 |  1.3
Translocations | 1 |  1.3
Transmutations | 1 |  1.3
Fire Magic     | 1 |  1.3
Ice Magic      | 1 |  1.3
Air Magic      | 1 |  1.3
Earth Magic    | 1 |  1.3
Poison Magic   | 1 |  1.3
Invocations    | 3 |  3.2
Evocations     | 3 |  3.1
Fighting       | |  6.7

Action                   |  1- 3 |  4- 6 || total
-------------------------+-------+-------++-------
Melee: Club              |    50 |       ||    50
       Short sword       |   125 |   135 ||   260
       Bite              |    13 |    17 ||    30
       Punch             |     4 |     3 ||     7
       Whip              |       |    20 ||    20
Throw: Dart              |       |     6 ||     6
Evoke: Wand              |       |    14 ||    14
  Use: Potion            |       |     4 ||     4
 Stab: Sleeping          |     1 |     2 ||     3
Armor: Leather armour    |    63 |    27 ||    90
Dodge: Dodged            |   160 |   110 ||   270

Table legend: (Time is in decaauts)
 A = Elapsed time spent in this place.
 B = Non-inter-level travel time spent in this place.
 C = Inter-level travel time spent in this place.
 D = Time resting spent in this place.
 E = Time spent auto-exploring this place.
 F = Levels seen in this place.
 G = Mean time per level.
                   A        B        C        D        E       F      G
               +--------+--------+--------+--------+--------+-----+--------+
         Total |   2618 |   2599 |     19 |    412 |   1387 |   3 |  872.7 |
       Dungeon |   2618 |   2599 |     19 |    412 |   1387 |   3 |  872.7 |
               +--------+--------+--------+--------+--------+-----+--------+

Top non-repeatable levels by time:
     D:1: 1373 daAuts
     D:2: 730 daAuts
     D:3: 515 daAuts
